Map: Lerilak Crest

Players

lesha

  • Race: Terran Terran
  • League: Silver

Clubfan - Winner!

  • Race: Terran Terran
  • League: Silver

VOD

Have the link to the VOD?

Description

Time

  • Played on: Dec. 23, 2015, 8:42 a.m.
  • Length: 7:13
Show
View Real Time Build Order
Export as new Build Order

lesha Terran 

Build Orders: Liberator Opening 

Get SALT Encoding   

  12  0:01  SCV  
  13  0:13  SCV  
  14  0:18  Supply Depot  
  14  0:26  SCV  
  15  0:39  SCV  
  15  0:41  Barracks  
  16  0:48  Refinery  
  16  0:53  SCV  
  17  1:05  SCV  
  18  1:17  SCV  
  20  1:35  Orbital Command  
  20  1:37  Reaper  
  19  1:52  Supply Depot  
  19  1:57  Command Center  
  19  2:03  SCV  
  20  2:11  Marine  
  20  2:15  SCV  
  22  2:21  Factory  
  22  2:27  SCV  
  23  2:36  Barracks Reactor  
  22  2:40  SCV  
  23  2:48  Refinery  
  23  2:53  SCV  
  24  3:11  Barracks  
  24  3:14  Starport, Barracks  
  24  3:18  Factory Tech Lab, Orbital Command  
  23  3:23  Marine x2  
  25  3:41  Marine x2  
  26  3:43  Liberator  
  27  3:54  SCV  
  28  3:57  Starport Reactor  
  28  4:01  Orbital Command  
  31  4:06  SCV  
  31  4:07  Marine  
  31  4:08  Barracks Tech Lab x2  
  33  4:12  Barracks Reactor  
  33  4:14  Marine  
  34  4:18  SCV  
  35  4:24  Marine  
  35  4:27  SCV  
  35  4:30  SCV  
  35  4:31  Marauder  
  40  4:33  Marine  
  41  4:39  SCV  
  41  4:42  SCV  
  41  4:44  Stimpack, Factory Reactor  
  43  4:56  SCV x2  
  39  5:08  SCV x2  
  39  5:19  Marine x2  
  39  5:20  Marine x3  
  44  5:23  Starport Reactor  
  44  5:37  Marine x2  
  44  5:39  Marine  
  44  5:40  SCV x2  
  46  5:44  Supply Depot  
  46  5:47  Supply Depot x2  
  46  5:48  Supply Depot  
  46  5:50  Engineering Bay  
  46  5:52  Engineering Bay  
  46  6:06  SCV x2, Medivac x2, Marine x2  
  46  6:08  Marine x2  
  56  6:13  Marine  
  56  6:14  Supply Depot  
  59  6:18  SCV x2  
  59  6:24  Marine x2  
  61  6:27  Marine x2  
  61  6:31  Marine  
  64  6:37  SCV  
  64  6:38  SCV  
  66  6:40  Barracks  
  66  6:41  Marine  
  66  6:43  Refinery  
  66  6:44  Refinery  
  66  6:45  Marine x3  
  70  6:50  SCV x2  
Show
View Real Time Build Order
Export as new Build Order

Clubfan Terran - Winner!

Build Orders:  

Get SALT Encoding   

  12  0:03  SCV  
  13  0:15  SCV  
  13  0:21  Supply Depot  
  14  0:29  SCV  
  15  0:42  SCV  
  16  0:44  Barracks  
  16  0:54  SCV  
  17  0:59  Refinery  
  17  1:07  SCV  
  17  1:19  SCV  
  18  1:31  SCV  
  19  1:35  Command Center  
  19  1:36  Marine  
  20  1:42  Supply Depot  
  20  1:49  SCV  
  21  1:55  Marine  
  22  2:02  SCV  
  23  2:13  Marine  
  23  2:14  SCV  
  25  2:31  Marine  
  25  2:33  Barracks  
  25  2:35  Refinery  
  25  2:37  Orbital Command  
  26  2:45  Factory  
  26  3:00  Barracks Reactor  
  26  3:02  Orbital Command  
  26  3:06  SCV  
  27  3:20  Barracks Tech Lab  
  27  3:35  SCV, Starport, Factory Tech Lab  
  27  3:40  Marine x2  
  32  3:41  Marauder  
  32  3:46  SCV  
  33  3:49  Stimpack  
  33  3:52  SCV  
  34  3:58  Marine x2  
  34  3:59  Orbital Command  
  36  4:10  Marine  
  36  4:12  Siege Tank  
  40  4:26  Medivac  
  40  4:28  Marine x3  
  40  4:29  SCV  
  46  4:31  Refinery  
  46  4:36  Refinery  
  46  4:57  Supply Depot  
  46  4:58  Supply Depot  
  46  4:59  Marine x2  
  46  5:00  SCV, Marine  
  46  5:01  Supply Depot  
  46  5:02  Supply Depot  
  41  5:12  Starport Reactor  
  41  5:14  Siege Tank  
  44  5:15  SCV x2  
  44  5:19  Marine x2  
  44  5:21  Engineering Bay  
  48  5:30  Supply Depot  
  47  5:43  Marine x2  
  47  5:49  Marine  
  49  5:50  Missile Turret  
  49  5:51  Viking x2, Missile Turret  
  54  5:58  Supply Depot  
  54  6:01  Marine x2  
  56  6:05  SCV  
  56  6:06  SCV  
  56  6:07  Marine  
  59  6:11  Missile Turret  
  59  6:19  Marine  
  60  6:32  Marine  
  61  6:33  Marine  
  61  6:34  Siege Tank, Medivac x2  
  69  6:51  Marauder  
Tags
 
Add a new tag
Caveats
  • Supply blocks, unpowered buildings, or Contaminate may cause inaccurate times.
  • Supply counts are checked every 10 seconds.